 Dungeon Crawl Stone Soup version 0.20-a0-544-g2b9a704 (webtiles) character file.

79 kroki the Chiller (level 4, -3/27 HPs)
             Began as an Octopode Ice Elementalist on Feb 1, 2017.
             Killed from afar by Sigmund (5 damage)
             ... with a magic dart
             ... on level 2 of the Dungeon.
             The game lasted 00:03:43 (2898 turns).

kroki the Chiller (Octopode Ice Elementalist)       Turns: 2898, Time: 00:03:43

Health: -3/27      AC:  1    Str:  7    XL:     4   Next: 37%
Magic:  7/7        EV: 13    Int: 18    God:
Gold:   99         SH:  0    Dex: 12    Spells: 1/7 levels left

rFire    + . .     SeeInvis .   j - +0 dagger
rCold    + . .     Gourm    +   (no shield)
rNeg     . . .     Faith    .   (helmet restricted)
rPois    +         Spirit   .   c - amulet of the gourmand {Gourm, !d}
rElec    +         Reflect  .   (no ring)
rCorr    +         Harm     .   (no ring)
MR       .....                  (no ring)
Stlth    ++........             (no ring)
Regen    0.1/turn               (no ring)
                                (no ring)
                                (no ring)
                                (no ring)

@: confused, lethally poisoned (-3 -> -21), resistant, very slightly
contaminated, hasted, very quick
A: almost no armour, stealthy swim, amphibious, 8 rings, constrict 8, camouflage
1, gelatinous body 1
a: no special abilities


You were on level 2 of the Dungeon.
You were very full.

You visited 1 branch of the dungeon, and saw 2 of its levels.

You collected 99 gold pieces.

Inventory:

Hand Weapons
 f - a +0 club
   (You took it off a hobgoblin on level 1 of the Dungeon)
 j - a +0 dagger (weapon)
   (You found it on level 1 of the Dungeon)
Jewellery
 c - an amulet of the gourmand (around mantle) {Gourm, !d}
   (You found it on level 1 of the Dungeon)
 h - an uncursed amulet of guardian spirit {Spirit}
   (You found it on level 1 of the Dungeon)
Scrolls
 d - a scroll of magic mapping {unknown}
 e - a scroll of remove curse
Potions
 i - a potion of resistance
Books
 a - a book of Frost
Comestibles
 b - a bread ration {@e1}
 l - 2 royal jellies


   Skills:
 * Level 0.6 Fighting
 * Level 2.2 Dodging
 - Level 4.0 Stealth
 - Level 2.0 Spellcasting
 - Level 1.0 Conjurations
 * Level 4.2 Ice Magic


You had one spell level left.
You knew the following spells:

 Your Spells              Type           Power        Failure   Level  Hunger
a - Freeze                Ice            ###.         3%          1    #......
x - Throw Frost           Conj/Ice       ##....       12%         2    ###....
A - Ozocubu's Armour      Chrm/Ice       #.......     24%         3    ###....


Dungeon Overview and Level Annotations

Branches:
Dungeon (2/15)

Altars:
Ashenzari
Qazlal

Annotations:
D:2 Sigmund


Innate Abilities, Weirdness & Mutations

You cannot wear most types of armour.
You are very stealthy in the water. (Stealth+)
You are amphibious.
You can wear up to eight rings at the same time.
You can use your tentacles to constrict eight enemies at once.
Your skin changes colour to match your surroundings (Stealth+).
Your rubbery body absorbs attacks. (AC +1, EV +1)


Message History

You open the door. You open the door.
There is an open door here.
g - a fuming coppery potion No target in view!
MP restored: 7
There is an open door here.
You open the door.
A kobold comes into view.
No target in range!
A kobold is nearby!
No target in range!
A kobold is nearby!
No target in range!
A kobold is nearby!
No target in range!
There is an open door here.
A kobold is nearby!
No target in range!
A kobold is nearby!
Aim: a kobold (resting)
You freeze the kobold.
You kill the kobold!
You now have 6/7 mp.
You open the door.
There is an open door here.
You open the door.
A kobold comes into view. It is wielding a dagger.
No target in range!
MP restored: 7 A kobold is nearby!
No target in range!
A kobold is nearby!
No target in range!
A kobold is nearby!
No target in range!
There is an open door here.
A kobold is nearby!
No target in range!
A kobold is nearby!
Aim: a kobold, wielding a dagger (resting)
You freeze the kobold.
The kobold shouts!
You kill the kobold!
You now have 6/7 mp.
Things that are here:
a dagger; a kobold corpse No target in view!
MP restored: 7 You open the door.
There is an open door here.
You open the door.
Sigmund shouts!
Sigmund gestures wildly while chanting.
Sigmund flickers and vanishes!
Deactivating autopickup; reactivate with Ctrl-A.
You are confused.
You are too confused!
Unknown command.
Something hits you!
You are lethally poisoned!
You take 11 damage, and have 16/27 hp.
MASSIVE DAMAGE!!
Okay, then.
You feel sick.
You hear some strange, mumbled words.
You are more confused.
You take 2 damage, and have 14/27 hp.
You feel sick.
You hear some strange, mumbled words.
You are more confused.
You take 1 damage, and have 13/27 hp.
You feel sick. Something hits you.
* * * LOW HITPOINT WARNING * * *
You are more poisoned.
You take 7 damage, and have 6/27 hp.
MASSIVE DAMAGE!!
It was a potion of haste.
You feel yourself speed up.
* * * LOW HITPOINT WARNING * * *
You feel sick.
You are very lightly contaminated with residual magic.
You take 2 damage, and have 4/27 hp.
It was a potion of resistance.
You feel protected.
* * * LOW HITPOINT WARNING * * *
You feel sick.
You hear some strange, mumbled words.
Something tries to affect you, but you resist.
Unknown command.
* * * LOW HITPOINT WARNING * * *
You feel sick.
You hear some strange, mumbled words.
Something tries to affect you, but you resist.
You take 1 damage, and have 3/27 hp.
Unknown command.
* * * LOW HITPOINT WARNING * * *
You feel sick.
A magic dart appears from out of thin air!
The magic dart hits you!
You die...

###########.....# #......
#........##.....# #@.....
#........##.....###......
#$.......##....>.w.......
#......{.##.....###.....#
#.....<..##.....#####...#
#...>....................
#......#.################
#......#@................
#......#.####.####.####.#
###...##.#).'.'..#.#[.'.'
#.... #.#..#.#..#.#..#.#
#..... #.##'#.##+#.##+#.#
#..... #.................
#..... #.##+#.##'#.##'#.#
#.# #.#..#.#..#.#
#.#..'.+..#.#


There were no monsters in sight!

Vanquished Creatures
  2 adders (D:2)
  A worm (D:2)
  2 dart slugs (D:1)
  2 ball pythons (D:2)
  5 bats
  4 giant cockroaches
  5 goblins
  2 hobgoblins
  9 jackals
  10 kobolds
  2 frilled lizards (D:1)
  5 rats
49 creatures vanquished.

Notes
Turn   | Place    | Note
-------+----------+-------------------------------------------
     0 | D:1      | kroki the Octopode Ice Elementalist began the quest for the Orb.
     0 | D:1      | Reached XP level 1. HP: 11/11 MP: 3/3
   216 | D:1      | Reached skill level 3 in Stealth
   254 | D:1      | Reached XP level 2. HP: 17/17 MP: 3/5
   615 | D:1      | Reached XP level 3. HP: 18/21 MP: 4/6
   653 | D:1      | Learned a level 3 spell: Ozocubu's Armour
  1304 | D:2      | Learned a level 2 spell: Throw Frost
  1418 | D:2      | Found a shattered altar of Ashenzari.
  1497 | D:2      | HP: 4/21 [jackal (2)]
  1756 | D:2      | Reached skill level 4 in Ice Magic
  1767 | D:2      | Noticed Sigmund
  1770 | D:2      | HP: 3/21 [Sigmund/scythe of venom (15)]
  1771 | D:1      | HP: 1/21 [poisoned by Sigmund]
  1773 | D:1      | kroki: take that
  2202 | D:2      | Reached skill level 4 in Stealth
  2519 | D:2      | Reached XP level 4. HP: 27/27 MP: 3/7
  2653 | D:2      | Found a stormy altar of Qazlal.
  2894 | D:2      | HP: 6/27 [something (6)]
  2898 | D:2      | HP: 2/27 [poisoned by Sigmund]
  2898 | D:2      | Killed from afar by Sigmund

Vault maps used:
D:1:      dpeg_arrival_connections, wad_floor_pattern_2
D:2:      minmay_door_path, lemuel_coloured_pillars_altar,
          nicolae_ashenzari_panopticon, minmay_misc_feat_tower, uniq_sigmund

Skill      XL: |  1  2  3 |
---------------+----------+-----
Stealth        | 3 4 |  4.0
Ice Magic      | 4 |  4.2
Fighting       | |  0.6
Dodging        | |  2.2
Spellcasting   | |  2.0
Conjurations   | |  1.0

Action                   |  1- 3 |  4- 6 || total
-------------------------+-------+-------++-------
Melee: Club              |     7 |       ||     7
       Constrict         |     7 |       ||     7
       Tentacles         |     2 |       ||     2
       Dagger            |    11 |     1 ||    12
 Cast: Freeze            |    64 |     8 ||    72
  Use: Scroll            |     5 |       ||     5
       Potion            |     1 |     2 ||     3
 Stab: Sleeping          |       |     1 ||     1
  Eat: Chunk             |    15 |       ||    15
Armor: Skin              |     9 |       ||     9
Dodge: Dodged            |    56 |     3 ||    59

Vault maps used:
D:1:      dpeg_arrival_connections, wad_floor_pattern_2
D:2:      minmay_door_path, lemuel_coloured_pillars_altar,
          nicolae_ashenzari_panopticon, minmay_misc_feat_tower, uniq_sigmund

Table legend:
 A = Turns spent in this place as a percentage of turns spent in the entire game.
 B = Non-inter-level travel turns spent in this place as a percentage of non-inter-level travel turns spent in the entire game.
 C = Inter-level travel turns spent in this place as a percentage of turns spent in this place.
 D = Turns resting spent in this place as a percentage of non-inter-level travel turns spent in this place.
 E = Turns spent auto-exploring this place as a percentage of non-inter-level travel turns spent in this place.
 F = Non-inter-level travel turns spent in this place divided by the number of levels of this place that you've seen.
                   A       B       C       D       E      F
               +-------+-------+-------+-------+-------+----------------------
         Total | 100.0 | 100.0 |   0.7 |   1.9 |   7.8 | 506.5
       Dungeon | 100.0 | 100.0 |   0.7 |   1.9 |   7.8 | 506.5
               +-------+-------+-------+-------+-------+----------------------

Table legend:
 A = Kills in this place as a percentage of kills in entire the game.
 B = Kills by you in this place as a percentage of kills by you in the entire game.
 C = Kills by friends in this place as a percentage of kills by friends in the entire game.
 D = Other kills in this place as a percentage of other kills in the entire game.
 E = Experience gained in this place as a percentage of experience gained in the entire game.
 F = Experience gained in this place divided by the number of levels of this place that you have seen.
                   A       B       C       D       E      F
               +-------+-------+-------+-------+-------+----------------------
         Total | 100.0 | 100.0 |  -nan |  -nan | 100.0 |  56.5
       Dungeon | 100.0 | 100.0 |  -nan |  -nan | 100.0 |  56.5
               +-------+-------+-------+-------+-------+----------------------
